 Dungeon Crawl Stone Soup version 0.22-a0-246-gdc04c06 (webtiles) character file.

3 wolfsongas the Cudgeler (level 1, -7/20 HPs)
             Began as a Gnoll Wanderer on Feb 23, 2018.
             Mangled by a gnoll
             ... wielding a cursed -2 halberd
              (8 damage)
             ... on level 1 of the Dungeon.
             The game lasted 00:00:20 (45 turns).

wolfsongas the Cudgeler (Gnoll Wanderer)              Turns: 45, Time: 00:00:20

Health: -7/20      AC:  2    Str: 17 (18) XL:     1   Next: 50%
Magic:  1/1        EV: 11    Int: 10 (12) God:
Gold:   12         SH:  0    Dex:  9 (12) Spells: 0/0 levels left

rFire    . . .     SeeInvis .   a - +2 mace
rCold    . . .     Gourm    .   (no shield)
rNeg     . . .     Faith    .   d - +0 robe
rPois    .         Spirit   .   (no helmet)
rElec    .         Reflect  .   (no cloak)
rCorr    .         Harm     .   (no gloves)
MR       .....                  (no boots)
Stlth    ++........             (no amulet)
HPRegen  0.06/turn              (no ring)
MPRegen  0.07/turn              (no ring)

@: no status effects
A: distributed training, fangs 1, strong nose
a: no special abilities


You were on level 1 of the Dungeon.
You were not hungry.

You visited 1 branch of the dungeon, and saw 1 of its levels.

You collected 12 gold pieces.

Inventory:

Hand Weapons
 a - a +2 mace (weapon)
Armour
 d - a +0 robe (worn)
Potions
 b - a potion of lignification
 c - a potion of curing
Comestibles
 f - a ration


   Skills:
 + Level 4.4 Fighting
 + Level 0.0 Short Blades
 + Level 0.0 Long Blades
 + Level 0.0 Axes
 + Level 4.4 Maces & Flails
 + Level 0.0 Polearms
 + Level 0.0 Staves
 + Level 0.0 Slings
 + Level 0.0 Bows
 + Level 0.0 Crossbows
 + Level 0.0 Throwing
 + Level 2.3 Armour
 + Level 0.0 Dodging
 + Level 2.1 Stealth
 + Level 2.3 Shields
 + Level 0.0 Unarmed Combat
 + Level 0.0 Spellcasting
 + Level 0.0 Conjurations
 + Level 1.9 Hexes
 + Level 0.0 Charms
 + Level 0.0 Summonings
 + Level 0.0 Necromancy
 + Level 0.0 Translocations
 + Level 0.0 Transmutations
 + Level 0.0 Fire Magic
 + Level 3.6 Ice Magic
 + Level 0.0 Air Magic
 + Level 0.0 Earth Magic
 + Level 0.0 Poison Magic
 + Level 0.1 Invocations
 + Level 0.0 Evocations


You couldn't memorise any spells.
You didn't know any spells.

Dungeon Overview and Level Annotations

Branches:
Dungeon (1/15)

Altars:


Innate Abilities, Weirdness & Mutations

Your experience applies equally to all skills.
You have very sharp teeth.
Your uncanny sense of smell can sniff out nearby items.


Message History

You closely miss the goblin. The bat hits you. The goblin closely misses you.
The goblin hits you.
A bat comes into view.
You sock the goblin!
You kill the goblin!
The bat moves out of view.
The dart slug launches a dart at you. The slug dart misses you.
The gnoll hits you from afar with an enchanted halberd!
Ouch! That really hurt!
* * * LOW HITPOINT WARNING * * *
You are too injured to fight recklessly!
You are too injured to fight recklessly!
You are too injured to fight recklessly!
The bat completely misses you. The bat barely misses you.
A kobold comes into view. It is wielding a club.
The bat hits you but does no damage. The bat hits you.
* * * LOW HITPOINT WARNING * * *
The gnoll hits you with an enchanted halberd!
You die...

.⌠w. .#.....# ..⌠∆#
......#. . ∆ ..∆#.
...#.#### ..
.##..##..#.... ..
∆∆#........#..####
#.####.#####..#.....##
K##......†............#.
......bg.######.........
.......@.# ###..#....
....####.# #..##### ...
#b# #..# ... #..# ..##
.... ### ######


You could see a gnoll, 2 bats and a kobold (wandering).

Vanquished Creatures
  A goblin (D:1)
  2 bats (D:1)
3 creatures vanquished.

Notes
Turn   | Place    | Note
-------+----------+-------------------------------------------
     0 | D:1      | wolfsongas the Gnoll Wanderer began the quest for the Orb.
     0 | D:1      | wolfsongas set off with: a +2 mace, a potion of lignification, a potion of curing, a +0 robe, a ration
     0 | D:1      | Reached XP level 1. HP: 20/20 MP: 1/1
    45 | D:1      | HP: 1/20 [bat (1)]
    45 | D:1      | Mangled by a gnoll

Vault maps used:
D:1:      saegor_arrival_simple_c, nrook_mini_vaults, minmay_hexomino_c4

Action                   || total
-------------------------++-------
Melee: Mace              ||     5
  Use: Potion            ||     1
Armor: Robe              ||     6
Dodge: Dodged            ||     9

Table legend:
 A = Spawn XP
 B = Non-spawn XP
 C = Spawn XP percentage of total XP
 D = Spawn monster count
 E = Non-spawn monster count
 F = Spawn count percentage of total count
 G = Total turns spent on level
                    A         B        C        D         E        F      G
               +---------+---------+-------+---------+---------+-------+---------
         Total |       0 |       5 |   0.0 |       0 |       3 |   0.0 |    45
               +---------+---------+-------+---------+---------+-------+---------
           D:1 |       0 |       5 |   0.0 |       0 |       3 |   0.0 |    45
               +---------+---------+-------+---------+---------+-------+---------
